 Dungeon Crawl Stone Soup version 0.30-a0-165-g1891117ce2 (webtiles) character file.

Game seed: 611008860090222874

79 bande the Covered (level 4, 0/29 HPs)
             Began as a Gargoyle Fighter on Sept 28, 2022.
             Slain by an orc
             ... wielding a +0 hand axe
              (4 damage)
             ... on level 3 of the Dungeon.
             The game lasted 00:02:51 (1593 turns).

bande the Covered (Gargoyle Fighter)                Turns: 1593, Time: 00:02:52

Health: 0/29       AC: 17    Str: 19    XL:     4   Next: 37%
Magic:  4/4        EV:  7    Int:  9    God:
Gold:   88         SH:  4    Dex: 11    Spells: 3/3 levels left

rFire   . . .      SeeInvis .    a - +1 war axe
rCold   . . .      Faith    .    c - +0 buckler
rNeg    + . .      Spirit   .    n - +0 chain mail
rPois   ∞          Reflect  .    (no helmet)
rElec   +          Harm     .    (no cloak)
rCorr   .          Rampage  .    h - +0 pair of gloves
Will    .....                    k - +2 pair of boots
Stlth   ..........               (no amulet)
HPRegen 0.09/turn                (no ring)
MPRegen 0.09/turn                (no ring)

@: no status effects
A: sickness immunity, AC +3, negative energy resistance 1, electricity
resistance, torment resistance 1, petrification resistance
a: no special abilities


You were on level 3 of the Dungeon.
You visited 1 branch of the dungeon, and saw 3 of its levels.

You collected 88 gold pieces.

Inventory:

Hand Weapons
 a - a +1 war axe (weapon)
 m - a +3 morningstar
Armour
 c - a +0 buckler (worn)
 h - a +0 pair of gloves (worn)
 k - a +2 pair of boots (worn)
 n - a +0 chain mail (worn)
Scrolls
 f - a scroll of identify
 l - a scroll of teleportation {unknown}
Potions
 d - a potion of might
 e - a potion of berserk rage {unknown}
 g - a potion of magic {unknown}
 i - 2 potions of heal wounds
 j - a potion of haste {unknown}


   Skills:
 + Level 3.9 Fighting
 + Level 2.5 Axes
 + Level 3.9 Armour
 - Level 1.0 Stealth
 + Level 3.8 Shields


You had 3 spell levels left.
You didn't know any spells.
Your spell library was empty.

Dungeon Overview and Level Annotations

Branches:
Dungeon (3/15)

Altars:
Uskayaw


Innate Abilities, Weirdness & Mutations

You are immune to sickness and miasma.
Your stone body is resilient. (AC +3)
You are immune to poison.
You resist negative energy. (rN+)
You are resistant to electric shocks. (rElec)
You are resistant to unholy torment.
You are immune to petrification.


Message History

You drop a +0 scale mail.
HP restored.
Found a club.
Found a whip.
You now have 88 gold pieces (gained 3).
Found a stone staircase leading up.
An orc comes into view. It is wielding a +0 mace.
The orc shouts!
An orc comes into view. It is wielding a +0 hand axe.
A giant cockroach comes into view.
An orc priest comes into view. It is wielding a +0 morningstar.
The orc moves out of view.
An orc comes into view. It is wielding a +0 hand axe.
Found a dagger.
The orc shouts!
The orc priest shouts!
You closely miss the orc. You hit the orc. The orc hits you with a +0 hand axe.
You block the orc's attack. The orc hits you but does no damage. x3
You hit the orc.
The orc is severely wounded.
You barely miss the orc. You hit the orc.
The orc priest mumbles some strange prayers to Beogh against you.
Beogh smites you!
Ouch! That really hurt!
The orc hits you with a +0 mace. You block the orc's attack. x2
You closely miss the orc.
The orc is moderately wounded.
You closely miss the orc. You barely miss the orc.
The orc hits you with a +0 mace.
* * * LOW HITPOINT WARNING * * *
The orc hits you with a +0 hand axe.
* * * LOW HITPOINT WARNING * * *
The orc hits you but does no damage. x2; The orc closely misses you.
The orc hits you but does no damage.
You hit the orc.
The orc is heavily wounded.
You hit the orc. You closely miss the orc.
You closely miss the giant cockroach.
The giant cockroach bites you but does no damage.
You block the orc's attack. The orc hits you with a +0 hand axe.
You die...

#######............#
...................#
###................+
..............[....#
........##.#########
......#..#........
...)..##..........
...... ##..B......
...... ##@o......
..... #oo...... ....
.o.<..... ..........
..)........
............
........#####
##########


You could see an orc priest, 3 orcs and a giant cockroach.

Vanquished Creatures
  2 adders (D:2)
  A worm (D:2)
  A dart slug (D:1)
  An orc (D:3)
  2 bats
  7 endoplasms
  A giant cockroach (D:2)
  7 goblins
  9 hobgoblins
  A quokka (D:2)
  5 ball pythons
  3 frilled lizards
  6 kobolds
  4 rats
50 creatures vanquished.

Notes
Turn   | Place    | Note
-------+----------+-------------------------------------------
     0 | D:1      | bande the Gargoyle Fighter began the quest for the Orb.
     0 | D:1      | Reached XP level 1. HP: 14/14 MP: 1/1
    32 | D:1      | Reached XP level 2. HP: 19/19 MP: 2/2
   301 | D:1      | Reached XP level 3. HP: 24/24 MP: 3/3
   598 | D:2      | Found a hide-covered altar of Uskayaw.
  1066 | D:2      | Reached skill level 1 in Stealth
  1066 | D:2      | Reached XP level 4. HP: 29/29 MP: 4/4
  1593 | D:3      | Slain by an orc

Illustrated notes

Levels and vault maps discovered:
D:1:      minmay_arrival_radiant_lines, layout_rooms
D:2:      layout_basic, basic_altar
D:3:      layout_basic, trog_three_pillars_becter,
          nicolae_ecumenical_snake_handling, grunt_ministairs_6, uniq_terence

Skill      XL: |  1  2  3 |
---------------+----------+-----
Axes           | 2 |  2.5
Stealth        | 1 |  1.0
Fighting       | |  3.9
Armour         | |  3.9
Shields        | |  3.8

Action                   |  1- 3 |  4- 6 || total
-------------------------+-------+-------++-------
Melee: War axe           |    86 |    32 ||   118
  Use: Scroll            |     5 |       ||     5
Armor: Scale mail        |    39 |    14 ||    53
       Chain mail        |       |     7 ||     7
Dodge: Dodged            |    51 |    18 ||    69
Block: Buckler           |    21 |    11 ||    32

Table legend: (Time is in decaauts)
 A = Elapsed time spent in this place.
 B = Non-inter-level travel time spent in this place.
 C = Inter-level travel time spent in this place.
 D = Time resting spent in this place.
 E = Time spent auto-exploring this place.
 F = Levels seen in this place.
 G = Mean time per level.
                   A        B        C        D        E       F      G
               +--------+--------+--------+--------+--------+-----+--------+
         Total |   1642 |   1620 |     22 |      0 |   1233 |   3 |  547.3 |
       Dungeon |   1642 |   1620 |     22 |      0 |   1233 |   3 |  547.3 |
               +--------+--------+--------+--------+--------+-----+--------+

Top non-repeatable levels by time:
     D:2: 911 daAuts
     D:1: 548 daAuts
     D:3: 183 daAuts
